 Dungeon Crawl Stone Soup version 0.20.1-1-g8b1a95d (webtiles) character file.

5538 equalderp2856 the Cleaver (level 10, -1/126 HPs)
             Began as a Minotaur Fighter on Oct 21, 2017.
             Succumbed to Erica's bolt of poison
             ... on level 1 of the Lair of Beasts.
             The game lasted 00:19:44 (11872 turns).

equalderp2856 the Cleaver (Minotaur Fighter)       Turns: 11872, Time: 00:19:46

Health: -1/126     AC: 25    Str: 21    XL:     10   Next: 43%
Magic:  1/4        EV:  2    Int: 11    God:
Gold:   386        SH: 11    Dex: 17    Spells: 7/15 levels left

rFire    . . .     SeeInvis .   a - +1 war axe
rCold    + . .     Gourm    .   c - +0 shield
rNeg     + + +     Faith    .   (armour currently unavailable)
rPois    +         Spirit   +   (helmet currently unavailable)
rElec    .         Reflect  .   (cloak currently unavailable)
rCorr    .         Harm     .   (gloves currently unavailable)
MR       .....     NoTele   +   (boots currently unavailable)
Stlth    ++........             X - amulet of guardian spirit
Regen    0.4/turn               j - ring of protection from cold
MPRegen  0.1/turn               o - ring "Xiheu" {Wiz MP-9 Dex+5}

@: brilliant, lethally poisoned (-1 -> -11), tree-form, starving, slowed, very
slow
A: (retaliatory headbutt)
a: no special abilities


You were on level 1 of the Lair of Beasts.
You were starving.
You were a tree.
You visited 2 branches of the dungeon, and saw 11 of its levels.

You collected 566 gold pieces.
You spent 180 gold pieces at shops.

Inventory:

Hand Weapons
 a - a +1 war axe (weapon)
 t - a +0 trident
Armour
 b - a +0 scale mail (melded)
 c - a +0 shield (worn)
 H - a +2 buckler
 J - a +1 pair of gloves of dexterity (melded)
 M - a +0 cloak (melded)
 Y - a +2 pair of boots (melded)
Jewellery
 j - a ring of protection from cold (left branch)
 o - the ring "Xiheu" (right branch) {Wiz MP-9 Dex+5}
   (You found it on level 9 of the Dungeon)

   [ring of wizardry]

   It improves your spell success rate.
   It affects your dexterity (+5).
   It affects your magic capacity (-9).
 y - an uncursed ring of see invisible
 G - an uncursed ring of protection from fire
 T - an uncursed ring of protection from magic {unknown}
 W - an uncursed ring of resist corrosion {unknown}
 X - an amulet of guardian spirit (around neck)
Wands
 D - a wand of random effects (37/48)
 I - a wand of digging (16/24)
 K - a wand of paralysis (8/24)
 O - a wand of enslavement (7/24)
Scrolls
 e - 2 scrolls of immolation
 g - 5 scrolls of enchant weapon
 m - 4 scrolls of remove curse
 p - a scroll of amnesia
 q - 5 scrolls of teleportation
 s - 2 scrolls of fog
 u - a scroll of noise
 C - a scroll of magic mapping
 P - a scroll of torment
 Q - a scroll of blinking {unknown}
 V - a scroll of fear {unknown}
Potions
 d - a potion of might
 k - 3 potions of brilliance
 l - 3 potions of flight {unknown}
 r - 3 potions of lignification
 v - a potion of invisibility {unknown}
 w - a potion of haste {unknown}
 z - a potion of resistance {unknown}
 A - 2 potions of degeneration {unknown}
 B - a potion of magic {unknown}
 E - 3 potions of agility {unknown}
 L - a potion of ambrosia {unknown}
 S - a potion of heal wounds {unknown}
 U - a potion of mutation {unknown}
Books
 F - a book of Cantrips

   Spells                             Type                      Level
   a - Confusing Touch                Hexes                        1
   b - Animate Skeleton               Necromancy                   1
   c - Summon Small Mammal            Summoning                    1
   d - Apportation                    Translocation                1
 N - a book of Callings

   Spells                             Type                      Level
   a - Summon Small Mammal            Summoning                    1
   b - Call Imp                       Summoning                    2
   c - Call Canine Familiar           Summoning                    3
   d - Summon Guardian Golem          Hexes/Summoning              3
   e - Summon Lightning Spire         Summoning/Air                4
   f - Summon Ice Beast               Ice/Summoning                4
 R - a book of Geomancy

   Spells                             Type                      Level
   a - Sandblast                      Earth                        1
   b - Passwall                       Transmutation/Earth          2
   c - Stone Arrow                    Conjuration/Earth            3
   d - Petrify                        Transmutation/Earth          4
   e - Lee's Rapid Deconstruction     Earth                        5
Miscellaneous
 Z - a phial of floods
Comestibles
 f - 5 bread rations
 i - 4 fruits
 n - 8 royal jellies
 x - 6 meat rations


   Skills:
 + Level 6.7 Fighting
 + Level 9.5 Axes
 + Level 7.7 Armour
 + Level 3.4 Dodging
 + Level 0.8 Stealth
 + Level 7.9 Shields
 * Level 3.1 Spellcasting
 * Level 4.0 Necromancy
 * Level 3.7 Translocations
 * Level 1.1 Earth Magic


You had 7 spell levels left.
You knew the following spells:

 Your Spells              Type           Power        Failure   Level  Hunger
a - Animate Skeleton      Necr           N/A          1%          1    #......
b - Apportation           Tloc           ###...       1%          1    #......
c - Sandblast             Erth           ##....       4%          1    #......
d - Passwall              Tmut/Erth      #.........   9%          2    ###....
e - Stone Arrow           Conj/Erth      #.....       16%         3    ###....


Dungeon Overview and Level Annotations

Branches:
Dungeon (10/15)            Temple (0/1) D:6            Lair (1/6) D:8
    Orc: D:9-12

Altars:
Ashenzari
Cheibriados
Dithmenos
Fedhas
Gozag
Hepliaklqana
Qazlal
Sif Muna
Uskayaw
Xom
Yredelemnul
The Shining One

Shops:
D:5 %   D:9 [

Annotations:
D:6 exclusions: door and 2 more exclusions
D:7 1 transporter
Lair:1 Erica


Innate Abilities, Weirdness & Mutations

((You reflexively headbutt those who attack you in melee.))
((You have a pair of horns on your head.))


Message History

Something hits you. Something burns you.
You feel sick.
You feel sick.
You hear some strange, mumbled words.
A bolt of poison appears from out of thin air!
The bolt of poison hits the plant.
The bolt of poison hits you!
You are more poisoned.
* * * LOW HITPOINT WARNING * * *
It was a potion of brilliance.
You feel clever all of a sudden.
* * * LOW HITPOINT WARNING * * *
You feel sick. Something hits you but does no damage.
It was a potion of lignification.
You turn into a tree.
Your +0 cloak melds into your body.
Your +1 pair of gloves of dexterity melds into your body.
Your +2 pair of boots melds into your body.
Your +0 scale mail melds into your body.
You feel clumsy.
Your roots penetrate the ground.
You die...

.......................
....................#..
............>..?......
..............:..$..#
....................##.
..........$............
...................(...
.......{P##+###..#P##.#
...>....♣........# #
.................# #####
..............#..###..P##
...#..........#..........
.. #..........#.###......
. #..........#.# ##.....
...........#.# #...<.
..............# #.....
#.# #.....


There were no monsters in sight!

Vanquished Creatures
  The ghost of Irenicus the Cleaver, a novice DDMo (D:6)
  Grinder (D:3)
  4 hippogriffs
  3 hogs (D:8)
  A human (D:8)
  A yak (D:8)
  2 hungry ghosts (D:8)
  A steam dragon (D:7)
  A water moccasin (D:8)
  4 black bears
  An ice beast (D:9)
  A phantom (D:9)
  2 sky beasts
  An eye of draining (D:8)
  An ogre (D:4)
  3 centaurs
  2 big kobolds
  4 bullfrogs
  3 scorpions
  10 killer bees
  A centaur zombie (D:7)
  3 crimson imps
  A jelly (D:9)
  3 hounds
  Crazy Yiuf (D:6)
  4 orc priests
  A bullfrog skeleton (D:9)
  2 orc wizards
  5 iguanas
  5 worker ants
  2 hound skeletons
  8 adders
  A shadow imp (D:8)
  2 oozes
  3 adder zombies
  A worm (D:4)
  11 dart slugs (D:3)
  10 leopard geckos
  28 orcs
  3 ball pythons
  7 giant cockroaches
  9 hobgoblins
  22 jackals
  3 quokkas
  3 bats
  3 frilled lizards
  5 goblins
  15 kobolds
  A leopard gecko zombie (D:5)
  2 quokka skeletons
  5 rats
217 creatures vanquished.

Vanquished Creatures (others)
  A plant (D:6)
1 creature vanquished.

Grand Total: 218 creatures vanquished

Notes
Turn   | Place    | Note
-------+----------+-------------------------------------------
     0 | D:1      | equalderp2856 the Minotaur Fighter began the quest for the Orb.
     0 | D:1      | Reached XP level 1. HP: 19/19 MP: 0/0
   221 | D:1      | Reached XP level 2. HP: 27/27 MP: 1/1
   727 | D:2      | Found a blossoming altar of Fedhas.
   960 | D:2      | Reached XP level 3. HP: 33/33 MP: 2/2
  1111 | D:2      | Reached skill level 3 in Axes
  1665 | D:3      | Reached XP level 4. HP: 34/40 MP: 3/3
  2067 | D:3      | Noticed Grinder
  2069 | D:3      | Paralysed by Grinder for 6 turns
  2094 | D:3      | Paralysed by Grinder for 7 turns
  2101 | D:3      | HP: 2/40 [Grinder (6)]
  2102 | D:3      | Killed Grinder
  2102 | D:3      | Reached skill level 5 in Axes
  2102 | D:3      | Reached skill level 1 in Dodging
  2102 | D:3      | Reached skill level 5 in Shields
  2102 | D:3      | Reached XP level 5. HP: 3/47 MP: 4/4
  2102 | D:3      | Reached XP level 6. HP: 4/55 MP: 5/5
  2625 | D:4      | Found a deep blue altar of Sif Muna.
  2689 | D:4      | Reached skill level 5 in Armour
  2979 | D:4      | Reached XP level 7. HP: 60/60 MP: 6/6
  3323 | D:5      | Entered Level 5 of the Dungeon
  3334 | D:5      | Reached skill level 5 in Fighting
  3334 | D:5      | Reached skill level 6 in Axes
  3427 | D:5      | Learned a level 1 spell: Animate Skeleton
  3429 | D:5      | Learned a level 1 spell: Apportation
  3438 | D:5      | Found Ceatywk's Food Boutique.
  4075 | D:5      | Found a hide-covered altar of Uskayaw.
  4075 | D:5      | Found a stormy altar of Qazlal.
  4080 | D:5      | Found a shattered altar of Ashenzari.
  4082 | D:5      | Found a snail-covered altar of Cheibriados.
  4083 | D:5      | Found a shimmering altar of Xom.
  4497 | D:6      | Found a staircase to the Ecumenical Temple.
  4638 | D:6      | Reached skill level 1 in Translocations
  5011 | D:6      | Found a shadowy altar of Dithmenos.
  5015 | D:6      | Reached skill level 7 in Axes
  5015 | D:6      | Reached XP level 8. HP: 65/68 MP: 7/7
  6092 | D:6      | Found a runed door.
  6318 | D:6      | Noticed Crazy Yiuf
  6318 | D:6      | Noticed Irenicus's ghost (novice DDMo)
  6338 | D:6      | Killed Irenicus's ghost
  6338 | D:6      | Reached skill level 1 in Spellcasting
  6338 | D:6      | Reached skill level 1 in Necromancy
  6344 | D:6      | Killed Crazy Yiuf
  6567 | D:6      | Identified the +4 mace "Kuterats" {flame, rPois} (You found it on level 6 of the Dungeon)
  7072 | D:7      | Noticed a two-headed ogre
  7539 | D:7      | Found a transporter.
  7567 | D:7      | Noticed a two-headed ogre
  8010 | D:7      | Reached skill level 8 in Axes
  8010 | D:7      | Reached XP level 9. HP: 75/75 MP: 10/10
  8551 | D:8      | Learned a level 1 spell: Sandblast
  8554 | D:8      | Learned a level 2 spell: Passwall
  8558 | D:8      | Learned a level 3 spell: Stone Arrow
  8676 | D:8      | Found an opulent altar of Gozag.
  8772 | D:8      | Found a staircase to the Lair.
  8844 | D:8      | Reached skill level 9 in Axes
  9479 | D:9      | Reached XP level 10. HP: 79/84 MP: 13/13
  9500 | D:9      | Found a shattered altar of Ashenzari.
  9514 | D:9      | Found Sesuipek's Antique Armour Shop.
  9525 | D:9      | Bought a pair of runed boots for 180 gold pieces
  9994 | D:9      | Found a hazy altar of Hepliaklqana.
 10026 | D:9      | Found a glowing golden altar of the Shining One.
 10029 | D:9      | Noticed an angel
 10036 | D:9      | Found a basalt altar of Yredelemnul.
 10038 | D:9      | Noticed a profane servitor
 10162 | D:9      | Got a translucent lead ring
 10164 | D:9      | Identified the ring "Xiheu" {Wiz MP-9 Dex+5} (You found it on level 9 of the Dungeon)
 10655 | D:10     | Entered Level 10 of the Dungeon
 11468 | D:10     | Reached skill level 1 in Earth Magic
 11821 | Lair:1   | Entered Level 1 of the Lair of Beasts
 11837 | Lair:1   | Noticed Erica
 11870 | Lair:1   | HP: 3/84 [something/bolt of poison (30)]
 11871 | Lair:1   | HP: 1/84 [poisoned by Erica (bolt of poison)]
 11872 | Lair:1   | Succumbed to Erica's bolt of poison

Skill      XL: |  1  2  3  4  5  6  7  8  9 10 |
---------------+-------------------------------+-----
Armour         | 4 5 6 7 |  7.7
Axes           | 3 5 7 8 9 |  9.5
Shields        | 4 5 6 7 |  7.9
Fighting       | 4 5 6 |  6.7
Dodging        | 1 2 3 |  3.4
Translocations | 1 2 3 |  3.7
Spellcasting   | 1 2 3 |  3.1
Necromancy     | 2 3 4 |  4.0
Earth Magic    | 1 |  1.1
Stealth        | |  0.8

Action                   |  1- 3 |  4- 6 |  7- 9 | 10-12 || total
-------------------------+-------+-------+-------+-------++-------
Melee: War axe           |    80 |    68 |   381 |   165 ||   694
       Headbutt          |    13 |     9 |    71 |    38 ||   131
  Use: Scroll            |       |       |     3 |     9 ||    12
       Potion            |       |       |       |     2 ||     2
  Eat: Chunk             |     2 |     3 |    19 |     2 ||    26
       Fruit             |       |     1 |     3 |     4 ||     8
       Royal jelly       |       |       |     1 |     1 ||     2
Armor: Scale mail        |    28 |    21 |   124 |    87 ||   260
Dodge: Dodged            |    21 |    19 |   124 |    71 ||   235
Block: Shield            |    37 |    36 |   190 |   152 ||   415
